 Dungeon Crawl Stone Soup version 0.31-a0-4-gefa6de2278 (webtiles) character file.

Game seed: 12737286176243807038

44 subawu the Chopper (level 3, -5/33 HPs)
             Began as a Minotaur Monk on May 4, 2023.
             Slain by Crazy Yiuf
             ... wielding a +4 quarterstaff of chaos
              (12 damage)
             ... on level 3 of the Dungeon.
             The game lasted 00:08:02 (2116 turns).

subawu the Chopper (Minotaur Monk)                  Turns: 2116, Time: 00:08:02

Health: -5/33      AC:  4    Str: 15    XL:     3   Next: 39%
Magic:  2/2        EV: 13    Int:  9    God:
Gold:   83         SH:  0    Dex: 12    Spells: 2/2 levels left

rFire   . . .        j - +0 broad axe
rCold   . . .        d - orb {light}
rNeg    . . .        l - +0 robe
rPois   .            (helmet restricted)
rElec   .            (no cloak)
rCorr   .            o - +1 pair of gloves
SInv    +            (no boots)
Will    .....        (no amulet)
Stlth   +            f - ring of see invisible
HPRegen 0.25/turn    (no ring)
MPRegen 0.08/turn

%: no passive effects
@: lethally poisoned (-5 -> -21), glowing
A: horns 2, retaliatory headbutt
a: no special abilities


You were on level 3 of the Dungeon.
You visited 1 branch of the dungeon, and saw 3 of its levels.

You collected 83 gold pieces.

Inventory:

Hand Weapons
 a - a +0 hand axe
 h - a +0 rapier
 j - a +0 broad axe (weapon)
Missiles
 g - 30 stones (quivered)
Armour
 b - a +0 robe
 d - an orb of light (worn)
 l - a +0 robe (worn)
 o - a +1 pair of gloves (worn)
Jewellery
 f - a ring of see invisible (left hand)
Scrolls
 e - 3 scrolls of identify {unknown}
 i - 2 scrolls of enchant weapon {unknown}
 m - a scroll of fog {unknown}
 p - a scroll of fear {unknown}
Potions
 c - a potion of ambrosia
 k - a potion of berserk rage {unknown}
 n - a potion of attraction {unknown}


   Skills:
 + Level 4.2 Fighting
 + Level 4.6 Axes
 + Level 3.7 Dodging


You had 2 spell levels left.
You didn't know any spells.
Your spell library was empty.

Dungeon Overview and Level Annotations

Branches:
Dungeon (3/15)

Altars:

Shops:
D:1 !   D:2 (

Annotations:
D:3 Crazy Yiuf


Innate Abilities, Weirdness & Mutations

You have a pair of horns on your head.
You reflexively headbutt those who attack you in melee.


Message History

You are frozen.
You hit the endoplasm.
The endoplasm is heavily wounded.
The endoplasm hits you.
You hit the endoplasm.
You kill the endoplasm!
HP restored.
There is a stone staircase leading down here.
You climb downwards.
There is a stone staircase leading up here.
A goblin comes into view. It is wielding a +0 club.
The goblin unwields a +0 club.
The goblin wields a +0 sling.
The goblin shoots a sling bullet.
The sling bullet barely misses you.
The goblin shoots a sling bullet.
The sling bullet hits you.
The goblin shoots a sling bullet.
The sling bullet hits you.
The goblin unwields a +0 sling.
The goblin wields a +0 club.
The goblin hits you with a +0 club.
You completely miss the goblin. Your headbutt misses the goblin.
The goblin barely misses you. The goblin hits you with a +0 club.
You hit the goblin.
You kill the goblin!
You open the door. You open the door.
Found a hammer.
Found a runed translucent door.
Crazy Yiuf shouts!
Crazy Yiuf flaps his cloak.
Crazy Yiuf cries, "Lugonu sanguine foot!"
You open the door.
Crazy Yiuf laughs, "Shadow mobile childish!"
You slash Crazy Yiuf!
Crazy Yiuf is heavily wounded.
Crazy Yiuf hits you with a +4 quarterstaff of chaos!
You are lethally poisoned!
Crazy Yiuf barely misses you.
You hit Crazy Yiuf.
Crazy Yiuf is severely wounded.
* * * LOW HITPOINT WARNING * * *
You feel extremely sick.
Crazy Yiuf hits you with a +4 quarterstaff of chaos!
You die...

##### #)..#
#...# ...
#g# ♣@♣♣
#....# ♣♣.♣
#....# ♣.♣♣
#....# ♣♣.♣
#....#
♣♣.♣♣
#....#
♣♣.^.♣
#....
♣....♣ #).#
#'..'# #..#
#....###..#


You could see Crazy Yiuf.

Vanquished Creatures
  An adder (D:2)
  4 bats
  4 endoplasms
  2 giant cockroaches (D:1)
  3 goblins
  2 hobgoblins (D:1)
  7 kobolds
  A quokka (D:1)
  3 ball pythons
  2 frilled lizards
  4 rats
33 creatures vanquished.

Vanquished Creatures (others)
  6 plants (D:1)
  9 withered plants (D:1)
15 creatures vanquished.

Grand Total: 48 creatures vanquished

Notes
Turn   | Place    | Note
-------+----------+-------------------------------------------
     0 | D:1      | subawu the Minotaur Monk began the quest for the Orb.
     0 | D:1      | Reached XP level 1. HP: 19/19 MP: 0/0
   151 | D:1      | Reached XP level 2. HP: 22/27 MP: 1/1
   353 | D:1      | Found Cippi's Distillery.
   455 | D:1      | Found a faded altar of an unknown god.
   896 | D:2      | Found Ixzeov's Weapon Shoppe.
  1193 | D:2      | Reached XP level 3. HP: 14/33 MP: 2/2
  2110 | D:3      | Found a runed translucent door.
  2111 | D:3      | Noticed Crazy Yiuf
  2116 | D:3      | Slain by Crazy Yiuf

Illustrated notes

Levels and vault maps discovered:
D:1:      minmay_arrival_glassed_features, layout_basic, serial_shops, shop,
          shapermc_ecumenical_altar_flowoftime, fountainhead, nrook_uturn,
          minmay_tripent
D:2:      layout_basic, serial_co_window_serial, co_window_corner_a,
          co_window_paths_b, co_window_paths_a, co_window_paths_b,
          co_window_of_opportunity_a, co_window_cross_3, co_window_broadway_a,
          co_window_unsneaky_path_c, co_window_broadway_b,
          co_window_of_opportunity_b, glass_columns_a, serial_shops,
          nicolae_shop_bloodbath_and_beyond
D:3:      layout_basic, uniq_crazy_yiuf_cottage, uniq_ijyb, uniq_grinder

Skill      XL: |  1  2 |
---------------+-------+-----
Fighting       | 4 |  4.2
Axes           | 4 |  4.6
Dodging        | |  3.7

Action                     || total
---------------------------++-------
  Melee: Hand axe          ||     7
         Headbutt          ||    18
         Broad axe         ||    69
 Armour: Robe              ||    12
  Dodge: Dodged            ||    64

Table legend: (Time is in decaauts)
 A = Elapsed time spent in this place.
 B = Non-inter-level travel time spent in this place.
 C = Inter-level travel time spent in this place.
 D = Time resting spent in this place.
 E = Time spent auto-exploring this place.
 F = Levels seen in this place.
 G = Mean time per level.
                   A        B        C        D        E       F      G
               +--------+--------+--------+--------+--------+-----+--------+
         Total |   2142 |   1745 |    397 |      0 |      0 |   3 |  714.0 |
       Dungeon |   2142 |   1745 |    397 |      0 |      0 |   3 |  714.0 |
               +--------+--------+--------+--------+--------+-----+--------+

Top non-repeatable levels by time:
     D:2: 1190 daAuts
     D:1: 906 daAuts
     D:3: 44 daAuts
